 Dungeon Crawl Stone Soup version 0.19-a0-1254-gb9c29c0 (webtiles) character file.

28 poirepourri the Ruffian (level 2, 15/23 HPs)
             Began as a Draconian Transmuter on Aug 26, 2016.
             Quit the game on level 1 of the Dungeon on Aug 27, 2016.
             The game lasted 00:01:28 (710 turns).

poirepourri the Ruffian (Draconian Transmuter)       Turns: 710, Time: 00:01:29

Health: 15/23      AC:  4    Str: 12    XL:     2   Next: 96%
Magic:  5/5        EV: 12    Int: 13    God:
Gold:   39         SH:  0    Dex: 11    Spells: 2 memorised, 3 levels left

rFire  . . .     SeeInvis .       - Unarmed
rCold  . . .     Gourm    .     (armour unavailable)
rNeg   . . .     Faith    .     (no shield)
rPois  .         Spirit   .     (helmet restricted)
rElec  .         Dismiss  .     (no cloak)
rCorr  .         Reflect  .     (no gloves)
MR     .....     Harm     .     (no boots)
Stlth  +.........               (no amulet)
                                (no ring)
                                (no ring)

@: no status effects
A: unfitting armour, cold-blooded, AC +4
a: no special abilities


You were on level 1 of the Dungeon.
You were not hungry.

You visited 1 branch of the dungeon, and saw 1 of its levels.

You collected 39 gold pieces.

Inventory:

Missiles
 a - 7 arrows
Armour
 h - a +2 hat
Scrolls
 f - a scroll of recharging {unknown}
Potions
 d - a potion of berserk rage {unknown}
 e - 2 potions of heal wounds {unknown}
 g - a potion of ambrosia {unknown}
Books
 b - a book of Changes

   Spells                             Type                      Level
   a - Beastly Appendage              Transmutation                1
   b - Sticks to Snakes               Transmutation                2
   c - Spider Form                    Transmutation/Poison         3
   d - Ice Form                       Ice/Transmutation            4
   e - Blade Hands                    Transmutation                5
Comestibles
 c - 2 bread rations


   Skills:
 + Level 1.3 Fighting
 - Level 1.7 Dodging
 + Level 3.3 Unarmed Combat
 + Level 2.6 Spellcasting
 + Level 2.4 Transmutations


You had 3 spell levels left.
You knew the following spells:

 Your Spells              Type           Power        Failure   Level  Hunger
a - Beastly Appendage     Tmut           #.....       10%         1    #......
b - Sticks to Snakes      Tmut           #.......     14%         2    ###....


Dungeon Overview and Level Annotations

Branches:
Dungeon (1/15)

Altars:


Innate Abilities, Weirdness & Mutations

Your plain brown scales are hard. (AC +4)
Your body does not fit into most forms of armour.
You are cold-blooded and may be slowed by cold attacks.


Message History

You barely miss the giant gecko.
Your tail-slap misses the giant gecko.
The giant gecko is severely wounded.
The giant gecko misses you.
You miss the giant gecko.
The giant gecko is severely wounded.
The giant gecko closely misses you.
You miss the giant gecko.
The giant gecko is severely wounded.
The giant gecko barely misses you.
You closely miss the giant gecko.
The giant gecko is severely wounded.
The giant gecko bites you but does no damage.
The giant gecko bites you.
You hit the giant gecko but do no damage.
The giant gecko is heavily wounded.
The giant gecko barely misses you.
You hit the giant gecko.
You kill the giant gecko!
Found 20 sling bullets.
Are you sure you want to abandon this character and quit the game? (Confirm with "yes".)

.# #.#...#.#.#.#.# #.# #..... .#
#.#####.#.#.#.# #.# #.....
#.......#.#...####.# #.....
####.####.#.#...##.######...##
#...........#.#...##.#....#.....
#############.#......#....#...##
..#...#..#....#...+
#######...........#...#.
.......@..........#...#.
......###.##......#...+. ......
#..#.#....#...## .....
##.#..[..#...... (....
.....#..#†..... ....
#....#....###.# .... ##..##.####
#.# ...>.... #.# #.####. #.#


There were no monsters in sight!

Vanquished Creatures
  2 dart slugs (D:1)
  2 giant geckos (D:1)
  2 goblins (D:1)
  2 jackals (D:1)
  A ball python (D:1)
  3 bats (D:1)
  2 giant newts (D:1)
  3 rats (D:1)
17 creatures vanquished.

Vanquished Creatures (collateral kills)
  A giant cockroach (D:1)
  A goblin (D:1)
  A hobgoblin (D:1)
  3 bats (D:1)
  A rat (D:1)
7 creatures vanquished.

Grand Total: 24 creatures vanquished

Notes
Turn   | Place    | Note
-------+----------+-------------------------------------------
     0 | D:1      | poirepourri the Draconian Transmuter began the quest for the Orb.
     0 | D:1      | Reached XP level 1. HP: 16/16 MP: 3/3
   335 | D:1      | Reached XP level 2. HP: 16/23 MP: 3/5
   336 | D:1      | Upgraded the game from 0.19-a0-1238-gee6bd96 to 0.19-a0-1254-gb9c29c0
   381 | D:1      | Learned a level 2 spell: Sticks to Snakes
   710 | D:1      | Quit the game

Vault maps used:
D:1:      matt_arrival_refuge

Action                   || total
-------------------------++-------
Melee: Unarmed           ||    67
       Tailslap          ||     7
       Kick              ||     2
 Cast: Beastly Appendage ||     7
       Sticks to Snakes  ||     5
Armor: Skin              ||    19
Dodge: Dodged            ||    62
